 Dungeon Crawl Stone Soup version 0.30.0-30-g96aa6591b8 (webtiles) character file.

Game seed: 12588742908888404728

4 Dordric the Magician (level 1, -1/18 HPs)
             Began as a Djinni Warper on June 29, 2023.
             Slain by an endoplasm (3 damage)
             ... on level 1 of the Dungeon.
             The game lasted 00:00:17 (398 turns).

Dordric the Magician (Djinni Warper)                 Turns: 398, Time: 00:00:17

Health: -1/18      AC:  3    Str: 10    XL:     1   Next: 66%
Gold:   135        EV: 11    Int: 14    God:
                   SH:  0    Dex: 12

rFire   + + .        a - +0 falchion
rCold   x . .        (no shield)
rNeg    . . .        b - +0 leather armour
rPois   ∞            (no helmet)
rElec   .            (no cloak)
rCorr   .            (no gloves)
SInv    .            (boots unavailable)
Will    .....        (no amulet)
Stlth   +            (no ring)
HPRegen 0.23/turn    (no ring)
MPRegen 0.00/turn

%: infuse magic (-2 HP)
@: flying
A: sickness immunity, fire resistance 2, cold vulnerability 1, float, innate
caster, HP casting, extra vitality 1
a: no special abilities


You were on level 1 of the Dungeon.
You visited 1 branch of the dungeon, and saw 1 of its levels.

You collected 135 gold pieces.

Inventory:

Hand Weapons
 a - a +0 falchion (weapon)
Missiles
 d - 7 boomerangs of dispersal (quivered)
Armour
 b - a +0 leather armour (worn)
Scrolls
 c - a scroll of blinking
Potions
 e - 2 potions of magic {unknown}


   Skills:
 - Level 2.0 Fighting
 + Level 2.1 Long Blades
 - Level 0.7 Throwing
 - Level 1.0 Armour
 - Level 2.1 Dodging
 - Level 2.4 Spellcasting


You knew the following spells:

 Your Spells              Type           Power      Damage    Failure   Level
a - Blink                 Tloc           16%        N/A       17%         2
b - Lesser Beckoning      Tloc           16%        N/A       17%         2
c - Vhi's Electric Charg  Tloc/Air       16%        N/A       34%         3
d - Teleport Other        Tloc           8%         N/A       34%         3
e - Manifold Assault      Tloc           8%         N/A       75%         4
Your spell library was empty.

Dungeon Overview and Level Annotations

Branches:
Dungeon (1/15)

Altars:

Shops:
D:1 *


Innate Abilities, Weirdness & Mutations

You are immune to sickness and miasma.
You are immune to poison.
Your flesh is very heat resistant. (rF++)
You are vulnerable to cold. (rC-)
You float through the air rather than walking.
You learn spells naturally, not from books.
Your magical power is your life essence.
You have superior vitality. (+4 MHP)


Message History

An endoplasm comes into view.
The endoplasm freezes you.
You are frozen!
You feel a terrible chill! The goblin hits you with a +0 club.
You are too injured to fight recklessly!
You are too injured to fight recklessly!
You are too injured to fight recklessly!
You are too injured to fight recklessly!
You are too injured to fight recklessly!
You are too injured to fight recklessly!
You are too injured to fight recklessly!
You are too injured to fight recklessly!
You are too injured to fight recklessly!
You are too injured to fight recklessly!
You are too injured to fight recklessly!
You are too injured to fight recklessly!
There are monsters nearby!
There are monsters nearby!
You barely miss the endoplasm.
The endoplasm hits you but does no damage.
The goblin misses you. The endoplasm closely misses you. The goblin misses you.
You barely miss the endoplasm.
The endoplasm quivers.
The endoplasm freezes you.
You are frozen.
You feel a terrible chill!
* * * LOW HITPOINT WARNING * * *
A goblin comes into view. It is wielding a +0 dagger.
The goblin hits you with a +0 club.
* * * LOW HITPOINT WARNING * * *
The goblin shouts!
The goblin attacks as you move away! The goblin hits you but does no damage.
The endoplasm attacks as you move away!
The endoplasm hits you but does no damage.
The goblin attacks as you move away! The goblin barely misses you.
The endoplasm freezes you.
You are frozen.
* * * LOW HITPOINT WARNING * * *
The endoplasm attacks as you move away! The endoplasm closely misses you.
The endoplasm attacks as you move away! The endoplasm closely misses you.
The endoplasm attacks as you move away! The endoplasm hits you.
You die...

.....#.# ...#. .....#.#
#.... ..## ....#.#
####...###.... ...#.#
........#...
#.#.######.......).
##########................#
~~~~~~~~~~....#####.......#
......8..~......@Jg.g.....#
########.~.#.####J........#
<......#8~.#.#
#.#.#.......#
''######.~.#.#
#.#.#.........#
.§.§...#.~.#.#
#.#....#....###
.§§§≈≈≈#.~....
#......#......
.§§§≈≈≈#.~....
######.#..#.###
.§§§...#.~.... #.#..#.#
''######.~....# #..... .


You could see 2 endoplasms and 2 goblins.

Vanquished Creatures
  A quokka (D:1)
  A bat (D:1)
  A frilled lizard (D:1)
  A kobold (D:1)
  A rat (D:1)
5 creatures vanquished.

Notes
Turn   | Place    | Note
-------+----------+-------------------------------------------
     0 | D:1      | Dordric the Djinni Warper began the quest for the Orb.
     0 | D:1      | Dordric set off with the following spells memorised: Blink,
                  | Lesser Beckoning, Vhi's Electric Charge, Teleport Other,
                  | Manifold Assault.
     0 | D:1      | Reached XP level 1. HP: 18/18 MP: 0/0
   131 | D:1      | Found Suoxon's Assorted Antiques.
   398 | D:1      | Slain by an endoplasm

Illustrated notes

Levels and vault maps discovered:
D:1:      lightli_arrival_isolated_outpost, layout_basic, serial_shops,
          nicolae_shop_waterfront, minmay_gold_behind_fungi

Skill      XL: |  1 |
---------------+----+-----
Long Blades    | 2 |  2.1
Fighting       | |  2.0
Throwing       | |  0.7
Armour         | |  1.0
Dodging        | |  2.1
Spellcasting   | |  2.4

Action                     || total
---------------------------++-------
  Melee: Falchion          ||    16
         Punch             ||     1
 Armour: Leather armour    ||     4
  Dodge: Dodged            ||    17
